 Dungeon Crawl Stone Soup version 0.29.1-15-g9cfb28693d (webtiles) character file.

Game seed: 677400639240230629

0 H0rd4k the Charlatan (level 1, 0/13 HPs)
             Began as an Octopode Artificer on Mar 16, 2023.
             Slain by a worm (5 damage)
             ... on level 2 of the Dungeon.
             The game lasted 00:00:13 (96 turns).

H0rd4k the Charlatan (Octopode Artificer)             Turns: 96, Time: 00:00:13

Health: 0/13       AC:  1    Str: 11    XL:     1   Next: 10%
Magic:  1/1        EV: 13    Int: 13    God:
Gold:   0          SH:  0    Dex: 12    Spells: 0/0 levels left

rFire   . . .      SeeInvis .   (no weapon)
rCold   . . .      Faith    .   (no shield)
rNeg    . . .      Spirit   .   (helmet restricted)
rPois   .          Reflect  .   (no amulet)
rElec   .          Harm     .   (no ring)
rCorr   .          Rampage  .   (no ring)
Will    .....                   (no ring)
Stlth   +++.......              (no ring)
HPRegen 0.04/turn               (no ring)
MPRegen 0.07/turn               (no ring)
                                (no ring)
                                (no ring)

@: no status effects
A: almost no armour, amphibious, 8 rings, camouflage 1, gelatinous body 1,
(nimble swimmer 1), tentacles
a: no special abilities


You were on level 2 of the Dungeon.
You visited 1 branch of the dungeon, and saw 2 of its levels.

Inventory:

Wands
 b - a wand of flame (15) (quivered)
 c - a wand of charming (15)
 d - a wand of iceblast (5)
Scrolls
 a - a scroll of amnesia {unknown}


   Skills:
 * Level 1.1 Fighting
 - Level 2.3 Dodging
 - Level 1.3 Stealth
 - Level 3.2 Evocations


You couldn't memorise any spells.
You didn't know any spells.
Your spell library was empty.

Dungeon Overview and Level Annotations

Branches:
Dungeon (2/15)

Altars:


Innate Abilities, Weirdness & Mutations

You cannot wear most types of armour.
You are amphibious.
You can wear up to eight rings at the same time.
Your skin changes colour to match your surroundings (Stealth+).
Your rubbery body absorbs attacks. (AC +1, EV +1)
((You are camouflaged when in or above water. (Stealth+)))
You have tentacles for arms and can constrict up to eight enemies at once.


Message History

The bat escapes!
A sourceless malevolence fills the Dungeon...
You fall into a shaft and drop 1 floor!
The shaft crumbles and collapses.
Found a stone staircase leading down.
Key pressed, stopping explore.
No target in view!
HP restored.
A worm comes into view.
Found 11 gold pieces.
A rat comes into view.
A bat comes into view.
The rat closely misses you.
There are monsters nearby!
You tentacle-slap the rat.
You kill the rat!
There are monsters nearby!
The helpless worm fails to defend itself.
You tentacle-slap the worm. You grab the worm. You squeeze the worm.
The worm is moderately wounded.
You constrict the worm. The bat barely misses you.
There are monsters nearby!
You tentacle-slap the worm.
The worm is heavily wounded.
You constrict the worm. The bat barely misses you. The worm bites you.
There are monsters nearby!
You tentacle-slap the worm but do no damage.
You squeeze the worm, but do no damage.
The worm is heavily wounded.
You constrict the worm. The bat misses you.
There are monsters nearby!
You tentacle-slap the worm.
The worm is severely wounded.
You constrict the worm.
The bat hits you. x2; The worm closely misses you.
The bat closely misses you.
You are too injured to fight recklessly!
You tentacle-slap the worm.
The worm is almost dead.
You constrict the worm. The bat hits you. The worm bites you.
You die...

#.....##
#......####
###.......+
##...####
####..###
#.......#
#..$....#
#.......#
#....@..#
#....bw$#
#.......#
#.......#
######.##
.# .. ..


You could see a worm and a bat.

Vanquished Creatures
  A rat (D:2)
1 creature vanquished.

Notes
Turn   | Place    | Note
-------+----------+-------------------------------------------
     0 | D:1      | H0rd4k the Octopode Artificer began the quest for the Orb.
     0 | D:1      | Reached XP level 1. HP: 13/13 MP: 1/1
    56 | D:1      | You fall into a shaft and drop 1 floor!
    96 | D:2      | Slain by a worm

Illustrated notes

Levels and vault maps discovered:
D:1:      sevenhm_arrival_forest_fort_small_6, layout_basic,
          shapermc_ecumenical_altar_flowoftime, serial_shops, shop
D:2:      layout_loops_corners

Action                   || total
-------------------------++-------
Melee: Unarmed           ||     7
       Tentacles         ||     3
       Constrict         ||     2
 Stab: Sleeping          ||     1
Dodge: Dodged            ||     7
